AoeStats
← Erker

Hideout

508602842Analyzed
1v1 RM · 9d ago on Sep 23, 2026· 43m 27s· 2 players
Game mode
Random Map
Map size
Tiny (2 player)
Population
200
Speed
Normal
Resources
Standard
Victory
Conquest
Starting age
Dark Age
Ending age
Imperial Age
RankedLock teamsTeams togetherTeam positionsShared explorationLock speedFull tech treeHidden civsTurbo modeCheats
Victory
Defeat
🇮🇳 Vietnamese · India
1162
+17
🇷🇴 Danes · Romania
1186
-17
Technogun
5:46 Loom
10:42 Feudal Age
11:19 Double-Bit Axe
11:26 Gold Mining
11:17 Horse Collar
12:38 Fletching
13:51 Wheelbarrow
18:35 Town Watch
22:02 Castle Age
20:06 Stone Mining
22:42 Bodkin Arrow
22:09 Crossbowman
24:07 Hand Cart
25:30 Stone Shaft Mining
25:59 Bow Saw
26:10 Town Watch
31:11 Chatras
31:59 Masonry
32:11 Ballistics
32:03 Husbandry
32:14 Bloodlines
32:11 Scale Barding Armor
33:12 Murder Holes
35:53 Thumb Ring
40:14 Imperial Age
43:22 Light Cavalry
Erker
8:58 Feudal Age
10:04 Loom
10:22 Double-Bit Axe
10:23 Man-at-Arms
10:52 Arson
13:08 Horse Collar
13:46 Forging
14:35 Scale Mail Armor
24:21 Castle Age
25:30 Padded Archer Armor
25:57 Bow Saw
27:40 Wheelbarrow
37:09 Chain Mail Armor
37:36 Iron Casting
37:09 Fletching
39:07 Town Watch
Connection lost

Rejoining the realm…

Still unreachable

The connection could not be restored.

Session expired

The server has moved on; the page needs a fresh start.